 Dungeon Crawl Stone Soup version 0.30-a0-847-g17996783a1 (webtiles) character file.

Game seed: 13373371915025638988

40 cforsyth the Sneak (level 3, -2/22 HPs)
             Began as a Kobold Brigand on Mar 3, 2023.
             Splashed by a jelly's acid (5 damage)
             ... on level 2 of the Dungeon.
             The game lasted 00:00:58 (1182 turns).

cforsyth the Sneak (Kobold Brigand)                 Turns: 1182, Time: 00:00:59

Health: -2/22      AC:  3    Str:  8    XL:     3   Next: 72%
Magic:  3/3        EV: 15    Int: 12    God:
Gold:   90         SH:  0    Dex: 18    Spells: 2/2 levels left

rFire   . . .      SeeInvis .    a - +2 dagger
rCold   . . .      Faith    .    (no shield)
rNeg    . . .      Spirit   .    b - +0 robe
rPois   .          Reflect  .    (no helmet)
rElec   .          Rampage  .    c - +0 cloak
rCorr   .                        (no gloves)
Will    .....                    (no boots)
Stlth   ++++                     (no amulet)
HPRegen 0.23/turn                (no ring)
MPRegen 0.08/turn                (no ring)

@: no status effects
A: small, no large weapons, nightstalker 3
a: no special abilities


You were on level 2 of the Dungeon.
You visited 1 branch of the dungeon, and saw 2 of its levels.

You collected 90 gold pieces.

Inventory:

Hand Weapons
 a - a +2 dagger (weapon)
Missiles
 d - 9 poisoned darts (quivered)
 e - 3 curare-tipped darts
Armour
 b - a +0 robe (worn)
 c - a +0 cloak (worn)
Scrolls
 f - a scroll of silence {unknown}
 g - a scroll of fear {unknown}
 h - a scroll of blinking {unknown}
 i - a scroll of fog {unknown}


   Skills:
 + Level 2.7 Fighting
 + Level 3.4 Short Blades
 - Level 2.1 Throwing
 + Level 2.2 Dodging
 + Level 5.8 Stealth


You had 2 spell levels left.
You didn't know any spells.
Your spell library was empty.

Dungeon Overview and Level Annotations

Branches:
Dungeon (2/15)

Altars:


Innate Abilities, Weirdness & Mutations

You are small and have problems with some larger weapons.
You are completely attuned to the shadows.


Message History

You kill the bat!
No target in view!
No target in view!
No target in view!
No target in view!
No target in view!
No target in view!
The helpless giant cockroach fails to defend itself.
You impale the giant cockroach!!
You kill the giant cockroach!
No target in view!
No target in view!
No target in view!
No target in view!
A jelly comes into view.
A jelly is nearby!
Found an escape hatch in the floor.
Found 4 gold pieces.
The jelly quivers.
You hit the jelly.
Your hands burn!
The jelly is moderately wounded.
The jelly hits you.
You are splashed with acid!
You are too injured to fight recklessly!
You are too injured to fight recklessly!
You are too injured to fight recklessly!
You are too injured to fight recklessly!
You are too injured to fight recklessly!
You are too injured to fight recklessly!
You are too injured to fight recklessly!
You are too injured to fight recklessly!
You are too injured to fight recklessly!
You are too injured to fight recklessly!
You barely miss the jelly.
The jelly is moderately wounded.
You hit the jelly.
Your hands burn!
* * * LOW HITPOINT WARNING * * *
The jelly is moderately wounded.
The jelly closely misses you.
You hit the jelly.
Your hands burn!
You die...

#.#...# # #.....#
#.....# .......
###...#### ........
#...#....# #..##....#
#..!..>. #......#....
#....... #.....##
..##....... ...#.....
#.....$....
..##..#..##.....@....
......#......#..J...$
....###.....##.......
..#......#...........
.##.....##.##........
.....#.....##..####
....##........##
.#......#######
##.###..#


You could see a jelly.

Vanquished Creatures
  An adder (D:2)
  A dart slug (D:1)
  4 bats
  4 endoplasms (D:1)
  A giant cockroach (D:2)
  4 goblins
  2 hobgoblins
  2 kobolds
  A quokka (D:2)
  3 ball pythons (D:1)
  A frilled lizard (D:1)
  3 rats
27 creatures vanquished.

Notes
Turn   | Place    | Note
-------+----------+-------------------------------------------
     0 | D:1      | cforsyth the Kobold Brigand began the quest for the Orb.
     0 | D:1      | Reached XP level 1. HP: 12/12 MP: 1/1
   225 | D:1      | Reached XP level 2. HP: 18/18 MP: 2/2
   241 | D:1      | Found a faded altar of an unknown god.
   881 | D:1      | Reached XP level 3. HP: 20/22 MP: 3/3
  1182 | D:2      | Splashed by a jelly's acid

Illustrated notes

Levels and vault maps discovered:
D:1:      psy_arrival_heroes, layout_basic, ebering_ecumenical_altar_hall
D:2:      layout_basic, hangedman_decor_points

Skill      XL: |  1  2  3 |
---------------+----------+-----
Short Blades   | 3 |  3.4
Dodging        | 2 |  2.2
Fighting       | |  2.7
Throwing       | |  2.1
Stealth        | |  5.8

Action                     || total
---------------------------++-------
  Melee: Dagger            ||    66
   Stab: Sleeping          ||    13
 Armour: Robe              ||    14
  Dodge: Dodged            ||    61

Table legend: (Time is in decaauts)
 A = Elapsed time spent in this place.
 B = Non-inter-level travel time spent in this place.
 C = Inter-level travel time spent in this place.
 D = Time resting spent in this place.
 E = Time spent auto-exploring this place.
 F = Levels seen in this place.
 G = Mean time per level.
                   A        B        C        D        E       F      G
               +--------+--------+--------+--------+--------+-----+--------+
         Total |   1172 |   1142 |     30 |     54 |    907 |   2 |  586.0 |
       Dungeon |   1172 |   1142 |     30 |     54 |    907 |   2 |  586.0 |
               +--------+--------+--------+--------+--------+-----+--------+

Top non-repeatable levels by time:
     D:1: 1016 daAuts
     D:2: 155 daAuts
